 Dungeon Crawl Stone Soup version 0.30.1 (webtiles) character file.

Game seed: 11086322895074235935

2933 LustLizard the Geomancer (level 9, 0/54 HPs)
             Began as a Gargoyle Earth Elementalist on July 3, 2023.
             Was a Believer of Vehumet.
             Slain by Grum
             ... wielding a +1 halberd
              (8 damage)
             ... on level 8 of the Dungeon.
             The game lasted 00:09:29 (7212 turns).

LustLizard the Geomancer (GrEE)                     Turns: 7212, Time: 00:09:30

Health: 0/54       AC: 11    Str: 13    XL:     9   Next: 80%
Magic:  9/25       EV: 11    Int: 19    God:    Vehumet [**....]
Gold:   352        SH:  0    Dex: 10    Spells: 12/18 levels left

rFire   . . .        f - +1 dagger (elec)
rCold   + . .        (no shield)
rNeg    + . .        a - +0 robe
rPois   ∞            s - +0 helmet
rElec   +            B - +0 cloak
rCorr   .            (no gloves)
SInv    .            d - +0 pair of boots
Will    .....        k - amulet of regeneration
Stlth   +++          g - ring of magical power
HPRegen 1.09/turn    m - ring of protection from cold
MPRegen 0.19/turn

%: no passive effects
@: no status effects
A: sickness immunity, AC +6, negative energy resistance 1, electricity
resistance, torment resistance 1, petrification resistance
a: Renounce Religion


You were on level 8 of the Dungeon.
You worshipped Vehumet.
Vehumet was pleased with you.
You visited 2 branches of the dungeon, and saw 9 of its levels.
You also visited: Sewer.

You collected 352 gold pieces.

Inventory:

Hand Weapons
 f - a +1 dagger of electrocution (weapon)
Armour
 a - a +0 robe (worn)
 d - a +0 pair of boots (worn)
 s - a +0 helmet (worn)
 B - a +0 cloak (worn)
Jewellery
 g - a ring of magical power (left hand)
 k - an amulet of regeneration (around neck)
 m - a ring of protection from cold (right hand)
 q - an amulet of guardian spirit
 F - a +6 ring of dexterity
Wands
 A - a wand of flame (11)
 C - a wand of quicksilver (4)
 D - a wand of charming (8)
Scrolls
 h - 2 scrolls of poison {unknown}
 i - a scroll of identify
 l - 2 scrolls of blinking {unknown}
 n - 3 scrolls of teleportation
 o - 2 scrolls of magic mapping {unknown}
 p - a scroll of silence {unknown}
 r - a scroll of enchant armour {unknown}
 u - a scroll of amnesia {unknown}
 v - 3 scrolls of summoning {unknown}
 w - 3 scrolls of enchant weapon {unknown}
 x - a scroll of fog {unknown}
 y - 2 scrolls of immolation {unknown}
Potions
 b - a potion of magic
 e - 4 potions of curing
 j - 2 potions of cancellation
 t - a potion of flight {unknown}
 z - a potion of resistance {unknown}
 E - a potion of haste {unknown}


   Skills:
 + Level 5.5 Fighting
 - Level 1.5 Dodging
 - Level 5.0 Stealth
 + Level 5.1 Spellcasting
 * Level 7.3 Conjurations
 - Level 0.7 Transmutations
 + Level 0.9 Air Magic
 * Level 9.6 Earth Magic
 + Level 1.0 Poison Magic


You had 12 spell levels left.
You knew the following spells:

 Your Spells              Type           Power      Damage    Failure   Level
a - Sandblast             Erth           82%        2d17      1%          1
b - Stone Arrow           Conj/Erth      74%        3d11      1%          3
c - Poisonous Vapours     Pois/Air       16%        N/A       13%         2

Your spell library contained the following spells:

 Spells                   Type           Power      Damage    Failure   Level
 Passwall                 Tmut/Erth      20%        N/A       2%          2
 Dazzling Flash           Conj/Hex       36%        N/A       9%          3
 Petrify                  Tmut/Erth      24%        N/A       14%         4
 Lesser Beckoning         Tloc           8%         N/A       19%         2
 Gell's Gravitas          Tloc           4%         N/A       36%         3
 Teleport Other           Tloc           4%         N/A       36%         3
 Silence                  Hex/Air        3%         N/A       96%         5
 Agony                    Necr           4%         N/A       98%         5


Dungeon Overview and Level Annotations

Branches:
Dungeon (8/15)             Temple (1/1) D:5           Sewer (visited)
   Lair: D:8-11

Altars:
Elyvilon
Hepliaklqana
Nemelex Xobeh
Ru
Sif Muna
Vehumet
Wu Jian
Xom
Yredelemnul
The Shining One

Shops:
D:7 =

Annotations:
D:6 3 runed translucent doors, Mig's ghost, novice VSFi
D:8 Grum


Innate Abilities, Weirdness & Mutations

You are immune to sickness and miasma.
Your stone body is resilient. (AC +6)
You are immune to poison.
You resist negative energy. (rN+)
You are resistant to electric shocks. (rElec)
You are resistant to unholy torment.
You are immune to petrification.


Message History

Casting: Stone Arrow (safe; 1% risk of failure)
Confirm with . or Enter, or press ? or * to list all spells.
Aiming: Stone Arrow (safe; 1% risk of failure)
Press: ? - help, Shift-Dir - straight line, f/p - Grum
Aim: Grum, wielding a +1 halberd and wearing a +0 animal skin (severely wounded, 77% to hit)
The stone arrow hits the wolf!!
You kill the wolf!
Vehumet accepts your kill. The wolf bites you.
* * * LOW HITPOINT WARNING * * *
The wolf bites you.
* * * LOW HITPOINT WARNING * * *
Grum hits you from afar with a +1 halberd.
* * * LOW HITPOINT WARNING * * *
Your Poison Magic skill increases to level 1!
You feel better. The wolf bites you.
* * * LOW HITPOINT WARNING * * *
The steam dragon breathes steam at you. The ball of steam misses you.
Grum closely misses you. The wolf bites you.
* * * LOW HITPOINT WARNING * * *
You feel better.
You are engulfed in a cloud of scalding steam.
* * * LOW HITPOINT WARNING * * *
The wolf barely misses you. The steam dragon barely misses you.
The steam dragon claws you but does no damage.
Grum hits you from afar with a +1 halberd.
* * * LOW HITPOINT WARNING * * *
Casting: Stone Arrow (safe; 1% risk of failure)
Confirm with . or Enter, or press ? or * to list all spells.
Aiming: Stone Arrow (safe; 1% risk of failure)
Press: ? - help, Shift-Dir - straight line, f/p - Grum
Aim: Grum, wielding a +1 halberd and wearing a +0 animal skin (severely wounded, 77% to hit)
The stone arrow hits the steam dragon!
The steam dragon is heavily wounded.
You are engulfed in a cloud of scalding steam.
The wolf bites you but does no damage. The wolf bites you.
* * * LOW HITPOINT WARNING * * *
The steam dragon barely misses you. The steam dragon closely misses you.
Grum hits you from afar with a +1 halberd!
You die...

# #..... ## #...... .##
....... ..####### ##.......
#.......#### #........
##.........## #........
#..........### ####........
#...........§###h..........
##..†........§§.@Dg###......
#.....<......§§§#### #.....
#............#### ##...
#...........## ##
###.......### #######.# #.##
#..# #..#


You could see Grum, a steam dragon and a wolf.

Vanquished Creatures
  Prince Ribbit (D:6)
  A wyvern (D:8)
  Eustachio (D:5)
  A water moccasin (D:7)
  A black bear (D:6)
  3 ice beasts (D:6)
  An ogre (D:5)
  3 wolves (D:8)
  2 centaurs
  A phantom (D:6)
  3 kobold brigands (Sewer)
  5 scorpions
  4 wights (D:6)
  A jelly (D:6)
  Crazy Yiuf (D:6)
  2 hounds (D:5)
  A gnoll bouda (D:5)
  4 iguanas
  A scorpion zombie (D:3)
  4 orc wizards
  A howler monkey zombie (D:3)
  11 adders
  8 gnolls
  3 river rats
  2 shadow imps
  2 white imps
  3 ufetubi
  4 worms
  A dart slug (D:1)
  16 orcs
  10 endoplasms
  A giant cockroach (D:4)
  3 goblins
  5 hobgoblins
  6 jackals
  12 kobolds
  2 quokkas
  9 ball pythons
  2 bats
  2 frilled lizards
  7 rats
151 creatures vanquished.

Notes
Turn   | Place    | Note
-------+----------+-------------------------------------------
     0 | D:1      | LustLizard the Gargoyle Earth Elementalist began the quest
                  | for the Orb.
     0 | D:1      | Reached XP level 1. HP: 10/10 MP: 3/3
   212 | D:1      | Reached XP level 2. HP: 16/16 MP: 1/5
   268 | D:1      | You fall into a shaft and drop 1 floor!
   307 | D:2      | Reached skill level 4 in Earth Magic
   808 | D:2      | Reached skill level 1 in Fighting
   938 | D:2      | Reached XP level 3. HP: 15/20 MP: 6/6
  1537 | D:2      | Found a glowing golden altar of the Shining One.
  1842 | D:3      | Reached XP level 4. HP: 25/25 MP: 7/7
  1931 | D:3      | Found a basalt altar of Yredelemnul.
  2845 | D:4      | Learned a level 3 spell: Stone Arrow
  2869 | D:4      | Noticed a scorpion
  2877 | D:4      | Killed a scorpion
  2878 | D:4      | Reached skill level 1 in Conjurations
  2878 | D:4      | Reached skill level 5 in Earth Magic
  2878 | D:4      | Reached XP level 5. HP: 23/30 MP: 9/9
  2967 | D:4      | Found a hazy altar of Hepliaklqana.
  3327 | D:4      | Reached XP level 6. HP: 31/36 MP: 10/10
  3972 | D:5      | Entered Level 5 of the Dungeon
  4038 | D:5      | Reached skill level 6 in Earth Magic
  4042 | D:5      | Reached XP level 7. HP: 36/40 MP: 3/11
  4461 | D:5      | Noticed Eustachio
  4467 | D:5      | Killed Eustachio
  4537 | D:5      | Found a staircase to the Ecumenical Temple.
  4542 | Temple   | Entered the Ecumenical Temple
  4587 | Temple   | Became a worshipper of Vehumet
  4778 | D:6      | Reached skill level 7 in Earth Magic
  4778 | D:6      | Reached XP level 8. HP: 46/46 MP: 12/13
  4835 | D:6      | Found a glowing drain.
  4923 | D:6      | Reached skill level 5 in Stealth
  4944 | Sewer    | Entered a sewer
  5334 | Sewer    | Reached skill level 5 in Conjurations
  5424 | Sewer    | Reached * piety under Vehumet
  5424 | Sewer    | Offered knowledge of Kiss of Death by Vehumet.
  5591 | Sewer    | Reached skill level 8 in Earth Magic
  5743 | D:6      | Found a runed translucent gate.
  5743 | D:6      | Found a runed translucent gate.
  5743 | D:6      | Found a runed translucent gate.
  5765 | D:6      | Reached XP level 9. HP: 31/52 MP: 15/15
  5951 | D:6      | Noticed Prince Ribbit
  5961 | D:6      | Killed Prince Ribbit
  5962 | D:6      | Reached skill level 5 in Fighting
  6059 | D:6      | Noticed Mig's ghost (novice VSFi)
  6203 | D:6      | Reached skill level 9 in Earth Magic
  6330 | D:6      | Found a runed translucent door.
  6331 | D:6      | Noticed Crazy Yiuf
  6411 | D:6      | Killed Crazy Yiuf
  6529 | D:7      | Offered knowledge of Poisonous Vapours by Vehumet.
  6530 | D:7      | Reached ** piety under Vehumet
  6534 | D:7      | Learned a level 2 spell: Poisonous Vapours
  6681 | D:7      | Reached skill level 5 in Spellcasting
  6794 | D:7      | Found Dybbieng's Jewellery Emporium.
  7195 | D:8      | Noticed Grum
  7203 | D:8      | HP: 1/54 [wolf[Grum] (8)]
  7209 | D:8      | HP: 1/54 [Grum/+1 halberd (4)]
  7210 | D:8      | Reached skill level 1 in Poison Magic
  7212 | D:8      | Slain by Grum

Illustrated notes

Levels and vault maps discovered:
D:1:      dpeg_arrival_central, layout_basic
D:2:      layout_basic, basic_altar
D:3:      layout_basic, lemuel_zombie_altar_yredelemnul
D:4:      layout_basic, nicolae_overflow_crystal_walls, grunt_ministairs_1
D:5:      layout_rooms, minmay_temple_entry_nine_rooms, uniq_eustachio
D:6:      layout_cave_pools, portal_sewer_entry_b, gammafunk_ghost_necromancy,
          uniq_prince_ribbit1, uniq_crazy_yiuf_cottage
D:7:      layout_rooms, serial_shops, nicolae_lakefront_shop
D:8:      layout_cave_pods, mainiacjoe_overflow_six_doors_small,
          trog_three_pillars_becter, minmay_misc_feat_five, uniq_grum
Temple:   minmay_crystal_spiral_temple

Skill      XL: |  1  2  3  4  5  6  7  8  9 |
---------------+----------------------------+-----
Earth Magic    | 4 5 6 7 8 9 |  9.6
Fighting       | 1 2 3 4 5 |  5.5
Stealth        | 3 4 5 |  5.0
Conjurations   | 1 2 4 5 7 |  7.3
Spellcasting   | 3 4 5 |  5.1
Poison Magic   | 1 |  1.0
Dodging        | |  1.5
Transmutations | |  0.7
Air Magic      | |  0.9

Action                     |  1- 3 |  4- 6 |  7- 9 || total
---------------------------+-------+-------+-------++-------
  Melee: Short sword       |     8 |       |       ||     8
         Dagger            |       |     3 |    18 ||    21
   Cast: Sandblast         |    36 |    86 |   141 ||   263
         Stone Arrow       |       |       |    30 ||    30
    Use: Scroll            |       |     2 |     3 ||     5
         Potion            |       |       |     3 ||     3
 Armour: Robe              |     8 |    17 |    47 ||    72
  Dodge: Dodged            |    11 |    31 |    94 ||   136
